 Dungeon Crawl Stone Soup version 0.31-a0-66-ge618eeaa78 (webtiles) character file.

Game seed: 6677488326978319545

654 loir the Ducker (level 7, -1/45 HPs)
             Began as a Djinni Fire Elementalist on May 22, 2023.
             Slain by a phantom (5 damage)
             ... on level 5 of the Dungeon.
             The game lasted 00:26:25 (3058 turns).

loir the Ducker (Djinni Fire Elementalist)          Turns: 3058, Time: 00:26:25

Health: -1/45      AC:  3    Str:  7    XL:     7   Next: 84%
Gold:   146        EV: 14    Int: 24    God:
                   SH:  0    Dex: 14

rFire   + + .        c - +3 dagger (protect)
rCold   x . .        (no shield)
rNeg    . . .        a - +0 robe
rPois   ∞            (no helmet)
rElec   .            (no cloak)
rCorr   .            e - +0 pair of gloves
SInv    .            (boots unavailable)
Will    .....        (no amulet)
Stlth   +++          l - +6 ring of intelligence
HPRegen 0.27/turn    k - ring of wizardry
MPRegen 0.00/turn

%: wizardry (x1), infuse magic (-2 HP)
@: flying
A: sickness immunity, fire resistance 2, cold vulnerability 1, float, innate
caster, HP casting, extra vitality 1
a: no special abilities


You were on level 5 of the Dungeon.
You visited 1 branch of the dungeon, and saw 5 of its levels.

You collected 234 gold pieces.
You spent 88 gold pieces at shops.

Inventory:

Hand Weapons
 c - a +3 dagger of protection (weapon)
Armour
 a - a +0 robe (worn)
 e - a +0 pair of gloves (worn)
Magical Staves
 m - a staff of earth
Jewellery
 k - a ring of wizardry (right hand)
 l - a +6 ring of intelligence (left hand)
 n - a ring of willpower
 p - a ring of see invisible
Wands
 o - a wand of flame (14)
Scrolls
 f - 2 scrolls of fear
 s - a scroll of fog {unknown}
Potions
 b - 7 potions of curing
 d - 2 potions of resistance
 g - 3 potions of lignification
 h - 2 potions of berserk rage
 i - 2 potions of heal wounds
 j - a potion of degeneration {unknown}
 q - a potion of might {unknown}
 r - a potion of haste {unknown}
 t - a potion of enlightenment {unknown}


   Skills:
 + Level 5.4 Dodging
 + Level 4.3 Stealth
 + Level 4.0 Spellcasting
 + Level 4.0 Conjurations
 + Level 4.0 Hexes
 + Level 4.0 Summonings
 + Level 4.0 Necromancy
 + Level 4.0 Translocations
 + Level 4.0 Transmutations
 + Level 4.0 Fire Magic
 + Level 4.0 Ice Magic
 + Level 4.0 Air Magic
 + Level 4.0 Earth Magic
 + Level 4.0 Poison Magic


You knew the following spells:

 Your Spells              Type           Power      Damage    Failure   Level
a - Foxfire               Conj/Fire      84%        2x1d8     1%          1
b - Scorch                Fire           48%        2d7       1%          2
c - Volatile Blastmotes   Fire/Tloc      42%        2d13      2%          3
d - Inner Flame           Hex/Fire       21%        N/A       2%          3
e - Flame Wave            Conj/Fire      21%        2d8       9%          4
f - Magic Dart            Conj           96%        1d7       1%          1
g - Momentum Strike       Conj/Tloc      42%        3d9       1%          2
h - Ignite Poison         Fire/Tmut/Pois 21%        N/A       3%          3
Your spell library was empty.

Dungeon Overview and Level Annotations

Branches:
Dungeon (5/15)
 Temple: D:4-7

Altars:
Cheibriados
Dithmenos
Xom

Shops:
D:4 (=*:


Innate Abilities, Weirdness & Mutations

You are immune to sickness and miasma.
You are immune to poison.
Your flesh is very heat resistant. (rF++)
You are vulnerable to cold. (rC-)
You float through the air rather than walking.
You learn spells naturally, not from books.
Your magical power is your life essence.
You have superior vitality. (+4 MHP)


Message History

The shadow hits you!
Casting: Scorch (safe; 1% risk of failure)
Confirm with . or Enter, or press ? or * to list all spells.
Flames lash the shadow but do no damage.
The shadow hits you.
* * * LOW HITPOINT WARNING * * *
Casting: Scorch (safe; 1% risk of failure)
Confirm with . or Enter, or press ? or * to list all spells.
Flames lash the shadow.
The shadow is burned terribly!
You destroy the shadow!
* * * LOW HITPOINT WARNING * * *
Your Spellcasting skill increases to level 4!
Your Conjurations skill increases to level 4!
Your Hexes skill increases to level 4!
Your Summonings skill increases to level 4!
Your Necromancy skill increases to level 4!
Your Translocations skill increases to level 4!
Your Transmutations skill increases to level 4!
Your Fire Magic skill increases to level 4!
Your Ice Magic skill increases to level 4!
Your Air Magic skill increases to level 4!
Your Earth Magic skill increases to level 4!
Your Poison Magic skill increases to level 4!
Casting: Scorch (safe; 1% risk of failure)
Confirm with . or Enter, or press ? or * to list all spells.
Flames lash the quokka.
You kill the quokka!
* * * LOW HITPOINT WARNING * * *
You start resting.
A phantom comes into view.
Casting: Foxfire (safe; 1% risk of failure)
Press: ? - help, Q - select action, (/) - cycle Dir - look around, f - activate You conjure some foxfire!
* * * LOW HITPOINT WARNING * * *
Casting: Foxfire (safe; 1% risk of failure)
Press: ? - help, Q - select action, (/) - cycle Dir - look around, f - activate You conjure some foxfire!
* * * LOW HITPOINT WARNING * * *
The phantom hits you.
You die...

.# #. .#.# #.# .#.#.#
#.# .#.#.#.# #.#
.#.#.#.#.# #.#
.#.#.#.#.#.# #.#
#..#.#.#.#.#v#v#
#.#.#.#.#.#.#@#
#..#.#.#.#.#§#W#
#.#.#.#.#.#§#.#.#
#..#.#.#.#§#.#.#.#
#.#.#.#.#v#.#.#.#.#
#..#.#.#.#.#.#.#.#.#
#.#.#.#.#.#.#.#.#.#.#
#..#.#.#.#.#.#.#.#.#.
#.#.#.#.#.#.#.#.#.#.


You could see a phantom (ally target).

Vanquished Creatures
  Grinder (D:3)
  A shadow (D:5)
  2 jellies
  2 hounds
  An iguana (D:3)
  Natasha (thrice) (D:4)
  2 adders
  A white imp (D:5)
  A worm (D:2)
  2 dart slugs
  8 endoplasms
  2 giant cockroaches
  3 goblins
  4 hobgoblins
  2 jackals (D:3)
  7 kobolds
  3 quokkas
  7 ball pythons
  5 bats
  3 frilled lizards
  4 rats
64 creatures vanquished.

Vanquished Creatures (collateral kills)
  A foxfire (D:3)
1 creature vanquished.

Vanquished Creatures (others)
  201 foxfires
201 creatures vanquished.

Grand Total: 266 creatures vanquished

Notes
Turn   | Place    | Note
-------+----------+-------------------------------------------
     0 | D:1      | loir the Djinni Fire Elementalist began the quest for the
                  | Orb.
     0 | D:1      | loir set off with the following spells memorised: Foxfire,
                  | Scorch, Volatile Blastmotes, Inner Flame, Flame Wave.
     0 | D:1      | Reached XP level 1. HP: 15/15 MP: 0/0
   189 | D:1      | Reached XP level 2. HP: 12/21 MP: 0/0
   527 | D:1      | Reached XP level 3. HP: 21/25 MP: 0/0
   527 | D:1      | Learned a level 1 spell: Magic Dart
   761 | D:2      | Found a shadowy altar of Dithmenos.
  1139 | D:3      | Reached skill level 3 in Dodging
  1156 | D:3      | Found a snail-covered altar of Cheibriados.
  1370 | D:3      | Found a shimmering altar of Xom.
  1392 | D:3      | Found a shadowy altar of Dithmenos.
  1551 | D:3      | Noticed Grinder
  1559 | D:3      | Killed Grinder
  1560 | D:3      | Reached skill level 4 in Dodging
  1560 | D:3      | Reached XP level 4. HP: 10/31 MP: 0/0
  1560 | D:3      | Reached XP level 5. HP: 12/35 MP: 0/0
  1560 | D:3      | Learned a level 2 spell: Momentum Strike
  1560 | D:3      | Reached XP level 6. HP: 13/40 MP: 0/0
  1971 | D:4      | Found Sorphumpo's Jewellery Shop.
  2100 | D:4      | Noticed Natasha
  2129 | D:4      | Killed Natasha
  2130 | D:4      | Reached XP level 7. HP: 26/45 MP: 0/0
  2130 | D:4      | Learned a level 3 spell: Ignite Poison
  2341 | D:4      | Found Uwierr's Assorted Antiques.
  2350 | D:4      | Bought a scroll of identify for 44 gold pieces
  2350 | D:4      | Bought a scroll of identify for 44 gold pieces
  2369 | D:4      | Found Gaqoykku's Book Shop.
  2684 | D:4      | Noticed Natasha
  2712 | D:4      | Killed Natasha
  2773 | D:4      | Noticed Natasha
  2779 | D:4      | Killed Natasha
  2833 | D:4      | Found Piul's Antique Weapon Emporium.
  2895 | D:4      | Upgraded the game from 0.31-a0-45-g5f0c076935 to
                  | 0.31-a0-66-ge618eeaa78
  2896 | D:5      | Entered Level 5 of the Dungeon
  2908 | D:5      | Reached skill level 5 in Dodging
  3049 | D:5      | Noticed a shadow
  3054 | D:5      | Killed a shadow
  3058 | D:5      | Slain by a phantom

Illustrated notes

Levels and vault maps discovered:
D:1:      ncdulo_lavacross, layout_rooms, minmay_tall_x
D:2:      layout_basic, basic_altar
D:3:      minmay_door_path, layout_basic, mainiacjoe_overflow_boulevard,
          mainiacjoe_overflow_surrounded_room, old_standard_altar,
          serial_corexii_hall, corexii_hall_statues_x, corexii_hall_statues_l,
          uniq_grinder
D:4:      layout_loops_ring, serial_shops, shop, nicolae_shop_back_alley_shop,
          shop, nicolae_shop_statue_plus, uniq_natasha
D:5:      layout_basic

Skill      XL: |  1  2  3  4  5  6  7 |
---------------+----------------------+-----
Stealth        | 2 3 4 |  4.3
Dodging        | 4 5 |  5.4
Spellcasting   | 3 4 |  4.0
Conjurations   | 4 |  4.0
Hexes          | 4 |  4.0
Summonings     | 4 |  4.0
Necromancy     | 4 |  4.0
Translocations | 4 |  4.0
Transmutations | 4 |  4.0
Fire Magic     | 4 |  4.0
Ice Magic      | 4 |  4.0
Air Magic      | 4 |  4.0
Earth Magic    | 4 |  4.0
Poison Magic   | 4 |  4.0

Action                     |  1- 3 |  4- 6 |  7- 9 || total
---------------------------+-------+-------+-------++-------
   Cast: Foxfire           |    76 |    34 |    21 ||   131
         Scorch            |    13 |     9 |    14 ||    36
         Momentum Strike   |       |       |     1 ||     1
    Use: Scroll            |     7 |     3 |     3 ||    13
 Armour: Robe              |     3 |     2 |       ||     5
  Dodge: Dodged            |     5 |     4 |       ||     9

Table legend: (Time is in decaauts)
 A = Elapsed time spent in this place.
 B = Non-inter-level travel time spent in this place.
 C = Inter-level travel time spent in this place.
 D = Time resting spent in this place.
 E = Time spent auto-exploring this place.
 F = Levels seen in this place.
 G = Mean time per level.
                   A        B        C        D        E       F      G
               +--------+--------+--------+--------+--------+-----+--------+
         Total |   3064 |   2844 |    220 |    362 |   2059 |   5 |  612.8 |
       Dungeon |   3064 |   2844 |    220 |    362 |   2059 |   5 |  612.8 |
               +--------+--------+--------+--------+--------+-----+--------+

Top non-repeatable levels by time:
     D:4: 933 daAuts
     D:3: 833 daAuts
     D:1: 627 daAuts
     D:2: 507 daAuts
     D:5: 161 daAuts
